 Dungeon Crawl Stone Soup version 0.22-a0-799-g88f5e907b7 (webtiles) character file.

1209 Holzbalken the Grappler (level 8, -7/63 HPs)
             Began as a Ghoul Monk on July 21, 2018.
             Was a Believer of Makhleb.
             Mangled by Prince Ribbit (8 damage)
             ... on level 6 of the Dungeon.
             The game lasted 00:19:22 (4801 turns).

Holzbalken the Grappler (Ghoul Monk)                Turns: 4801, Time: 00:19:22

Health: -7/63      AC: 13    Str: 18 (19) XL:     8   Next: 45%
Magic:  0/7        EV:  6    Int:  5      God:    Makhleb [**....]
Gold:   332        SH:  0    Dex:  8 (11) Spells: 7/7 levels left

rFire    . . .     SeeInvis .     - Unarmed
rCold    + . .     Gourm    .   (no shield)
rNeg     + + +     Faith    .   q - +0 plate armour
rPois    ∞         Spirit   +   y - +2 hat
rElec    .         Reflect  .   j - +0 cloak
rCorr    .         Harm     .   (no gloves)
MR       .....                  (no boots)
Stlth    ..........             x - amulet of guardian spirit
HPRegen  0.00/turn              o - +2 ring of slaying
MPRegen  0.10/turn              s - +2 ring of strength

@: very slightly contaminated, rotting, invisible
A: rotting body, claws 1, carnivore, cold resistance 1, negative energy
resistance 3, inhibited regeneration, torment resistance, unbreathing
a: Minor Destruction, Renounce Religion


You were on level 6 of the Dungeon.
You worshipped Makhleb.
Makhleb was pleased with you.
You were not hungry.

You visited 2 branches of the dungeon, and saw 7 of its levels.

You collected 332 gold pieces.

Inventory:

Armour
 a - a +0 robe
 h - a +0 leather armour
 j - a +0 cloak (worn)
 p - a +0 ring mail
 q - a +0 plate armour (worn)
 y - a +2 hat (worn)
Jewellery
 o - a +2 ring of slaying (left claw)
 s - a +2 ring of strength (right claw)
 w - a +4 ring of evasion
 x - an amulet of guardian spirit (around neck)
Wands
 D - a wand of flame (24)
Scrolls
 c - 2 scrolls of teleportation {unknown}
 f - 2 scrolls of noise {unknown}
 k - 5 scrolls of identify {unknown}
 l - a scroll of enchant weapon {unknown}
 m - 2 scrolls of fear {unknown}
 t - a scroll of blinking {unknown}
 v - 2 scrolls of remove curse {unknown}
 A - a scroll of magic mapping {unknown}
 B - a scroll of fog {unknown}
Potions
 d - a potion of degeneration {unknown}
 e - a potion of ambrosia {unknown}
 n - a potion of agility {unknown}
 r - a potion of mutation
 u - a potion of lignification
Comestibles
 b - 13 rations


   Skills:
 - Level 3.2 Fighting
 + Level 3.5 Dodging
 - Level 2.1 Stealth
 * Level 10.8 Unarmed Combat


You had 7 spell levels left.
You didn't know any spells.
Your spell library contained the following spells:

 Spells                   Type           Power        Failure   Level  Hunger
 Spider Form              Tmut/Pois      #.........   100%        3    ####...
 Blade Hands              Tmut           #.........   100%        5    ######.
 Ice Form                 Ice/Tmut       #.......     100%        4    #####..
 Sticks to Snakes         Tmut           #.......     100%        2    ###....
 Beastly Appendage        Tmut           #.....       100%        1    ##.....


Dungeon Overview and Level Annotations

Branches:
Dungeon (6/15)             Temple (1/1) D:4

Altars:
Ashenzari
Cheibriados
Dithmenos
Elyvilon
Fedhas
Gozag
Hepliaklqana
Makhleb
Okawaru
Ru
Sif Muna
Uskayaw
Vehumet
Xom
Yredelemnul
The Shining One

Shops:
D:3 *

Annotations:
D:6 Prince Ribbit


Innate Abilities, Weirdness & Mutations

Your body is rotting away.
You thrive on raw meat.
You are immune to poison.
You have sharp fingernails.
You are carnivorous and can eat meat at any time.
Your flesh is cold resistant. (rC+)
You are immune to negative energy. (rN+++)
You do not regenerate when monsters are visible.
You are immune to unholy pain and torment.
You can survive without breathing.


Message History

Your plate armour prevents you from hitting Prince Ribbit.
Prince Ribbit is heavily wounded.
Prince Ribbit hits you.
* * * LOW HITPOINT WARNING * * *
You feel better.
Prince Ribbit hits you but does no damage.
You feel better. Prince Ribbit hits you.
* * * LOW HITPOINT WARNING * * *
Prince Ribbit hits you.
* * * LOW HITPOINT WARNING * * *
It was a potion of invisibility.
You fade into invisibility!
Prince Ribbit hits you!
* * * LOW HITPOINT WARNING * * *
You are very lightly contaminated with residual magic.
You strike the helpless Prince Ribbit from behind!
You claw Prince Ribbit!
Prince Ribbit is severely wounded.
Prince Ribbit hits you!
You die...

##### #...##
###
#....######...
#.......#..#
##..##.....#
##..#####.F##
### #..## #.@#
..#####.##
#..##
.......##
##†..##
.###..##
#.....# ##
#### #..###..#
#..# ##...
#..# ...# ...#
...# ..# ....#


You could see Prince Ribbit.

Vanquished Creatures
  Pikel (D:4)
  A slave (D:4)
  2 ogres
  A scorpion (D:5)
  A centaur skeleton (D:5)
  2 orc priests (D:5)
  5 orc wizards
  2 worker ants (D:5)
  2 hound skeletons (D:4)
  A worker ant zombie (D:5)
  3 gnolls (D:4)
  9 adders
  2 adder skeletons (D:4)
  2 worms
  4 dart slugs
  3 leopard geckos
  17 orcs
  A ball python (D:3)
  7 giant cockroaches
  9 goblins
  10 hobgoblins
  4 jackals (D:5)
  7 kobolds
  2 quokkas
  9 bats
  A frilled lizard (D:2)
  A jackal zombie (D:5)
  A quokka skeleton (D:4)
  9 rats
119 creatures vanquished.

Notes
Turn   | Place    | Note
-------+----------+-------------------------------------------
     0 | D:1      | Holzbalken the Ghoul Monk began the quest for the Orb.
     0 | D:1      | Reached XP level 1. HP: 19/19 MP: 0/0
   261 | D:1      | Reached XP level 2. HP: 19/26 MP: 1/1
   391 | D:1      | Reached skill level 4 in Unarmed Combat
  1063 | D:2      | Reached XP level 3. HP: 27/29 MP: 2/2
  1244 | D:2      | Reached skill level 5 in Unarmed Combat
  1498 | D:2      | Reached XP level 4. HP: 34/38 MP: 3/3
  1706 | D:3      | Reached skill level 6 in Unarmed Combat
  1745 | D:2      | Reached XP level 5. HP: 9/45 MP: 4/4
  2229 | D:3      | Found an opulent altar of Gozag.
  2229 | D:3      | Found Gozag's Platinum Reserve.
  2378 | D:3      | Found an iron altar of Okawaru.
  2463 | D:4      | Reached skill level 7 in Unarmed Combat
  2624 | D:4      | Reached XP level 6. HP: 45/51 MP: 5/5
  2788 | D:4      | Found a staircase to the Ecumenical Temple.
  2797 | Temple   | Entered the Ecumenical Temple
  2875 | Temple   | Became a worshipper of Makhleb the Destroyer
  2875 | Temple   | Reached * piety under Makhleb
  2875 | Temple   | Reached ** piety under Makhleb
  2984 | D:4      | Noticed a slave
  2985 | D:4      | Noticed Pikel
  2989 | D:4      | Noticed a slave
  2992 | D:4      | Noticed a slave
  2998 | D:4      | Noticed a slave
  3003 | D:4      | Killed a slave
  3021 | D:4      | Killed Pikel
  3021 | D:4      | Reached skill level 9 in Unarmed Combat
  3021 | D:4      | Reached XP level 7. HP: 42/56 MP: 6/6
  3155 | D:4      | Reached skill level 10 in Unarmed Combat
  3155 | D:4      | Reached XP level 8. HP: 53/63 MP: 7/7
  3432 | D:5      | Entered Level 5 of the Dungeon
  3896 | D:5      | Found a shadowy altar of Dithmenos.
  4017 | D:5      | Found a blossoming altar of Fedhas.
  4768 | D:6      | Noticed Prince Ribbit
  4799 | D:6      | HP: 1/63 [Prince Ribbit (7)]
  4801 | D:6      | Mangled by Prince Ribbit

Vault maps used:
D:1:      sevenhm_arrival_forest_fort_small_3
D:2:      kennysheep_generic_room_5
D:3:      lemuel_crystal_altar, nicolae_gozag_zags_fifth_avenue
D:4:      minmay_temple_entry_statues_fountains, first_ration, uniq_pikel
D:5:      fedhas_altar_4, lemuel_doored_altar, roderic_serpentine_path
D:6:      nicolae_overflow_crystal_walls, basic_altar, uniq_prince_ribbit1,
          uniq_eustachio
Temple:   dshaligram_water_room_temple

Skill      XL: |  1  2  3  4  5  6  7  8 |
---------------+-------------------------+-----
Unarmed Combat | 4 5 6 7 9 10 | 10.8
Dodging        | 3 |  3.5
Fighting       | |  3.2
Stealth        | |  2.1

Action                   |  1- 3 |  4- 6 |  7- 9 || total
-------------------------+-------+-------+-------++-------
Melee: Unarmed           |   115 |   224 |    98 ||   437
       Punch             |       |     1 |     3 ||     4
  Use: Potion            |       |     1 |     8 ||     9
 Stab: Sleeping          |     2 |       |       ||     2
       Invisible         |       |       |     1 ||     1
  Eat: Chunk             |    16 |    25 |    25 ||    66
Armor: Robe              |     3 |       |       ||     3
       Leather armour    |    19 |       |       ||    19
       Plate armour      |     8 |   259 |    46 ||   313
Dodge: Dodged            |    84 |    82 |    28 ||   194

Table legend:
 A = Spawn XP
 B = Non-spawn XP
 C = Spawn XP percentage of total XP
 D = Spawn monster count
 E = Non-spawn monster count
 F = Spawn count percentage of total count
 G = Total turns spent on level
                    A         B        C        D         E        F      G
               +---------+---------+-------+---------+---------+-------+---------
         Total |       0 |    1728 |   0.0 |       0 |     118 |   0.0 |  4801
               +---------+---------+-------+---------+---------+-------+---------
           D:1 |       0 |      30 |   0.0 |       0 |      17 |   0.0 |   982
           D:2 |       0 |      78 |   0.0 |       0 |      23 |   0.0 |   879
           D:3 |       0 |     153 |   0.0 |       0 |      37 |   0.0 |   744
           D:4 |       0 |     949 |   0.0 |       0 |      17 |   0.0 |   688
           D:5 |       0 |     383 |   0.0 |       0 |      22 |   0.0 |  1215
           D:6 |       0 |     135 |   0.0 |       0 |       2 |   0.0 |   154
               +---------+---------+-------+---------+---------+-------+---------
